3012 views
Uploaded 2020-02-08 18:33:54
Game version 1.32 / 1.32.1
30:58 long 4on4 ladder game on (8)Northshire_LV
Saved by BEARAND
3012 views
Uploaded 2020-02-08 18:33:54
Game version 1.32 / 1.32.1
30:58 long 4on4 ladder game on (8)Northshire_LV


219 units @ 32.2k
/ 6.3k
92 buildings @ 16.3k
/ 7.2k


| Rod of Necromancy | 1 | 150 |
| Potion of Healing | 2 | 300 |
| Orb of Corruption | 1 | 375 |
| Scroll of Healing | 1 | 250 |
| Scroll of Town Portal | 1 | 350 |
| total: | 6 | 1425g |
| Acolyte | 17 | 1275 | / | 0 |
| Ghoul | 2 | 240 | / | 0 |
| Crypt Fiend | 11 | 2365 | / | 440 |
| Obsidian Statue | 5 | 1000 | / | 175 |
| Frost Wyrm | 11 | 4235 | / | 1320 |
| Goblin Shredder | 1 | 375 | / | 100 |
| Goblin Zeppelin | 1 | 240 | / | 60 |
| total: | 48 | 9730g | / | 2095w |
| Nerubian Tower | 5 | 500 | / | 100 |
| Spirit Tower | 13 | 1885 | / | 520 |
| Ziggurat | 18 | 2700 | / | 900 |
| Altar of Darkness | 1 | 180 | / | 50 |
| Crypt | 1 | 200 | / | 50 |
| Graveyard | 1 | 215 | / | 0 |
| Tomb of Relics | 1 | 130 | / | 30 |
| Necropolis | 1 | 225 | / | 0 |
| Slaughterhouse | 1 | 140 | / | 135 |
| Temple of the Damned | 1 | 155 | / | 140 |
| Sacrificial Pit | 1 | 75 | / | 150 |
| Boneyard | 2 | 350 | / | 400 |
| Halls of the Dead | 2 | 640 | / | 420 |
| Black Citadel | 1 | 325 | / | 230 |
| total: | 28 | 4370g | / | 1855w |
| 0:04 | Acolyte |
| 0:06 | Ziggurat |
| 0:09 | Altar of Darkness |
| 0:18 | Acolyte |
| 0:33 | Crypt |
| 0:57 | Graveyard |
| 1:11 | Tomb of Relics |
| 1:35 | Ghoul |
| 1:50 | Ghoul |
| 1:56 | Ziggurat |
| 2:09 | Death Coil |
| 2:16 | Rod of Necromancy |
| 2:28 | Crypt Fiend |
| 3:04 | Halls of the Dead |
| 3:27 | Crypt Fiend |
| 3:41 | Nerubian Tower |
| 3:44 | Ziggurat |
| 3:49 | Unholy Aura |
| 4:22 | Crypt Fiend |
| 4:25 | Creature Attack |
| 5:16 | Crypt Fiend |
| 5:20 | Goblin Shredder |
| 6:18 | Black Citadel |
| 6:21 | Slaughterhouse |
| 6:31 | Potion of Healing |
| 6:33 | Frost Nova |
| 6:57 | Crypt Fiend |
| 7:29 | Ziggurat |
| 7:30 | Crypt Fiend |
| 7:36 | Death Coil |
| 7:48 | Goblin Zeppelin |
| 8:18 | Ziggurat |
| 8:26 | Obsidian Statue |
| 9:11 | Obsidian Statue |
| 9:12 | Crypt Fiend |
| 9:44 | Crypt Fiend |
| 10:17 | Crypt Fiend |
| 11:04 | Crypt Fiend |
| 11:07 | Destroyer Form |
| 11:28 | Acolyte |
| 11:28 | Acolyte |
| 11:37 | Improved Creature Attack |
| 12:02 | Frost Armor |
| 12:21 | Obsidian Statue |
| 12:38 | Temple of the Damned |
| 13:32 | Sacrificial Pit |
| 13:39 | Necropolis |
| 13:41 | Acolyte |
| 14:22 | Boneyard |
| 14:55 | Spirit Tower |
| 14:57 | Ziggurat |
| 15:12 | Ziggurat |
| 15:25 | Unholy Aura |
| 15:35 | Ziggurat |
| 15:36 | Acolyte |
| 15:37 | Acolyte |
| 15:59 | Spirit Tower |
| 16:17 | Spirit Tower |
| 16:22 | Acolyte |
| 16:24 | Ziggurat |
| 16:48 | Frost Wyrm |
| 16:51 | Boneyard |
| 17:04 | Frost Nova |
| 17:16 | Ziggurat |
| 17:19 | Spirit Tower |
| 17:22 | Spirit Tower |
| 17:41 | Web |
| 17:56 | Freezing Breath |
| 17:58 | Frost Wyrm |
| 18:06 | Scroll of Healing |
| 18:27 | Ziggurat |
| 18:46 | Frost Wyrm |
| 19:21 | Frost Wyrm |
| 19:24 | Acolyte |
| 19:24 | Acolyte |
| 19:35 | Nerubian Tower |
| 19:43 | Creature Carapace |
| 20:13 | Frost Wyrm |
| 20:21 | Orb of Corruption |
| 20:53 | Frost Wyrm |
| 21:02 | Scroll of Town Portal |
| 21:35 | Frost Wyrm |
| 21:50 | Ziggurat |
| 23:15 | Crypt Fiend |
| 23:55 | Acolyte |
| 23:56 | Acolyte |
| 23:56 | Acolyte |
| 24:10 | Obsidian Statue |
| 24:16 | Potion of Healing |
| 24:35 | Spirit Tower |
| 24:39 | Acolyte |
| 24:54 | Acolyte |
| 24:57 | Acolyte |
| 25:42 | Frost Wyrm |
| 26:15 | Obsidian Statue |
| 26:31 | Ziggurat |
| 26:32 | Ziggurat |
| 26:32 | Ziggurat |
| 28:44 | Frost Wyrm |
| 28:45 | Frost Wyrm |
| 28:59 | Acolyte |
| 29:02 | Ziggurat |
| 29:03 | Ziggurat |
| 29:06 | Ziggurat |
| 30:01 | Spirit Tower |
| 30:02 | Spirit Tower |
| 30:03 | Nerubian Tower |
| 30:45 | Frost Wyrm |
| Select group | 3045 |
| Right click | 2468 |
| Select | 1432 |
| Misc. action | 184 |
| Build/train/purchase | 137 |
| Use ability | 61 |
| Assign group | 44 |
| Esc | 6 |
| Item give/drop | 3 |
| Minimap ping | 3 |
| Remove unit | 1 |


| Wisp | 21 | 1260 | / | 0 |
| Archer | 15 | 1950 | / | 150 |
| Huntress | 14 | 2730 | / | 280 |
| Glaive Thrower | 2 | 420 | / | 130 |
| Druid of the Claw | 11 | 2805 | / | 880 |
| Dryad | 13 | 1885 | / | 780 |
| total: | 76 | 11050g | / | 2220w |
| Ancient Protector | 9 | 1215 | / | 720 |
| Altar of Elders | 1 | 180 | / | 50 |
| Moon Well | 9 | 1620 | / | 360 |
| Ancient of War | 1 | 150 | / | 60 |
| Hunter's Hall | 1 | 210 | / | 100 |
| Tree of Life | 3 | 1020 | / | 555 |
| Ancient of Lore | 1 | 155 | / | 145 |
| Chimaera Roost | 1 | 140 | / | 190 |
| Tree of Ages | 1 | 320 | / | 180 |
| Tree of Eternity | 2 | 660 | / | 400 |
| total: | 26 | 4690g | / | 2180w |
| 0:04 | Altar of Elders |
| 0:06 | Moon Well |
| 0:07 | Wisp |
| 0:08 | Wisp |
| 0:22 | Wisp |
| 0:40 | Ancient of War |
| 0:45 | Wisp |
| 1:03 | Wisp |
| 1:11 | Wisp |
| 1:21 | Wisp |
| 1:40 | Archer |
| 1:43 | Moon Well |
| 1:49 | Moon Well |
| 2:00 | Hunter's Hall |
| 2:10 | Immolation |
| 2:14 | Archer |
| 2:45 | Moon Well |
| 3:05 | Huntress |
| 3:43 | Huntress |
| 3:45 | Tree of Ages |
| 4:19 | Huntress |
| 4:32 | Mana Burn |
| 4:42 | Huntress |
| 4:47 | Moon Well |
| 5:36 | Glaive Thrower |
| 6:03 | Glaive Thrower |
| 6:07 | Ancient of Lore |
| 6:38 | Tree of Life |
| 7:28 | Druid of the Claw Adept Training |
| 7:34 | Mana Burn |
| 7:38 | Forked Lightning |
| 8:21 | Huntress |
| 8:22 | Druid of the Claw |
| 8:57 | Druid of the Claw |
| 8:58 | Huntress |
| 9:01 | Wisp |
| 9:02 | Wisp |
| 9:02 | Wisp |
| 9:02 | Wisp |
| 9:03 | Wisp |
| 9:06 | Wisp |
| 9:07 | Wisp |
| 9:41 | Druid of the Claw |
| 9:45 | Huntress |
| 10:05 | Huntress |
| 10:39 | Moon Well |
| 10:46 | Tree of Eternity |
| 11:37 | Druid of the Claw |
| 11:39 | Moon Well |
| 11:40 | Huntress |
| 12:25 | Druid of the Claw |
| 12:26 | Huntress |
| 12:37 | Strength of the Moon |
| 12:46 | Wisp |
| 12:46 | Wisp |
| 12:59 | Huntress |
| 13:00 | Druid of the Claw |
| 13:06 | Wisp |
| 13:28 | Wisp |
| 13:28 | Wisp |
| 13:32 | Druid of the Claw Master Training |
| 13:49 | Frost Arrows |
| 14:12 | Druid of the Claw |
| 14:13 | Huntress |
| 14:14 | Moon Glaive |
| 14:32 | Huntress |
| 14:33 | Druid of the Claw |
| 14:35 | Strength of the Wild |
| 14:41 | Moon Well |
| 15:00 | Forked Lightning |
| 15:15 | Dryad |
| 15:15 | Dryad |
| 15:17 | Archer |
| 15:17 | Archer |
| 15:45 | Archer |
| 15:48 | Improved Strength of the Moon |
| 16:23 | Druid of the Claw |
| 16:50 | Dryad |
| 16:51 | Archer |
| 16:52 | Archer |
| 17:01 | Chimaera Roost |
| 17:05 | Moon Well |
| 17:12 | Dryad |
| 17:12 | Dryad |
| 17:41 | Archer |
| 17:41 | Archer |
| 17:56 | Ancient Protector |
| 17:57 | Ancient Protector |
| 17:57 | Ancient Protector |
| 18:00 | Ancient Protector |
| 18:01 | Ancient Protector |
| 18:02 | Ancient Protector |
| 18:50 | Ancient Protector |
| 18:51 | Wisp |
| 18:51 | Wisp |
| 19:26 | Ancient Protector |
| 19:30 | Ancient Protector |
| 19:34 | Dryad |
| 19:34 | Dryad |
| 19:52 | Improved Strength of the Wild |
| 20:20 | Tree of Life |
| 20:28 | Mark of the Claw |
| 21:11 | Advanced Strength of the Wild |
| 21:43 | Dryad |
| 21:44 | Dryad |
| 21:45 | Archer |
| 21:45 | Archer |
| 22:16 | Dryad |
| 22:18 | Archer |
| 22:19 | Advanced Strength of the Moon |
| 23:30 | Dryad |
| 23:32 | Huntress |
| 23:34 | Reinforced Hides |
| 23:46 | Immolation |
| 25:12 | Druid of the Claw |
| 25:35 | Tree of Life |
| 25:57 | Druid of the Claw |
| 26:28 | Dryad |
| 26:28 | Dryad |
| 26:29 | Archer |
| 26:30 | Archer |
| 26:30 | Archer |
| Right click | 621 |
| Select | 577 |
| Select group | 179 |
| Misc. action | 132 |
| Build/train/purchase | 120 |
| Use ability | 48 |
| Assign group | 14 |
| Esc | 6 |
| Chat | 4 |
| Remove unit | 1 |

| Wisp | 19 | 1140 | / | 0 |
| Archer | 14 | 1820 | / | 140 |
| Glaive Thrower | 6 | 1260 | / | 390 |
| total: | 39 | 4220g | / | 530w |
| Ancient Protector | 2 | 270 | / | 160 |
| Moon Well | 6 | 1080 | / | 240 |
| Ancient of War | 2 | 300 | / | 120 |
| Altar of Elders | 2 | 360 | / | 100 |
| Hunter's Hall | 1 | 210 | / | 100 |
| Tree of Life | 3 | 1020 | / | 555 |
| Tree of Ages | 1 | 320 | / | 180 |
| total: | 16 | 3240g | / | 1275w |
| 0:03 | Wisp |
| 0:03 | Wisp |
| 0:23 | Wisp |
| 0:41 | Moon Well |
| 0:48 | Wisp |
| 0:48 | Wisp |
| 0:51 | Ancient of War |
| 0:54 | Wisp |
| 1:03 | Wisp |
| 1:14 | Altar of Elders |
| 1:37 | Moon Well |
| 1:38 | Wisp |
| 1:49 | Wisp |
| 1:56 | Archer |
| 2:08 | Wisp |
| 2:08 | Wisp |
| 2:14 | Archer |
| 2:53 | Frost Arrows |
| 3:15 | Archer |
| 3:15 | Archer |
| 3:16 | Wisp |
| 3:16 | Wisp |
| 3:26 | Wisp |
| 3:27 | Archer |
| 3:50 | Archer |
| 3:51 | Wisp |
| 4:16 | Hunter's Hall |
| 4:19 | Ancient of War |
| 4:20 | Wisp |
| 4:20 | Wisp |
| 5:04 | Moon Well |
| 5:05 | Moon Well |
| 5:18 | Wisp |
| 5:18 | Wisp |
| 5:24 | Strength of the Moon |
| 5:58 | Glaive Thrower |
| 6:10 | Forked Lightning |
| 6:13 | Glaive Thrower |
| 6:32 | Glaive Thrower |
| 7:14 | Tree of Life |
| 7:18 | Tree of Life |
| 7:23 | Tree of Ages |
| 7:24 | Glaive Thrower |
| 8:31 | Archer |
| 9:06 | Archer |
| 9:07 | Archer |
| 11:02 | Glaive Thrower |
| 11:02 | Glaive Thrower |
| 11:03 | Archer |
| 11:22 | Archer |
| 11:22 | Archer |
| 11:27 | Improved Bows |
| 12:47 | Archer |
| 12:47 | Archer |
| 14:50 | Frost Arrows |
| 14:57 | Ancient Protector |
| 14:57 | Ancient Protector |
| 18:03 | Moon Well |
| 18:04 | Moon Well |
| 19:37 | Altar of Elders |
| 19:40 | Tree of Life |
| Right click | 1198 |
| Select | 365 |
| Select group | 198 |
| Minimap ping | 68 |
| Build/train/purchase | 57 |
| Assign group | 18 |
| Use ability | 9 |
| Remove unit | 5 |
| Misc. action | 2 |


| Staff of Preservation | 1 | 150 |
| Scroll of Town Portal | 1 | 350 |
| total: | 2 | 500g |
| Wisp | 28 | 1680 | / | 0 |
| Archer | 9 | 1170 | / | 90 |
| Glaive Thrower | 12 | 2520 | / | 780 |
| Dryad | 3 | 435 | / | 180 |
| Mountain Giant | 4 | 1400 | / | 400 |
| total: | 56 | 7205g | / | 1450w |
| Ancient Protector | 7 | 945 | / | 560 |
| Altar of Elders | 1 | 180 | / | 50 |
| Moon Well | 5 | 900 | / | 200 |
| Ancient of War | 2 | 300 | / | 120 |
| Hunter's Hall | 1 | 210 | / | 100 |
| Ancient of Wonders | 1 | 90 | / | 30 |
| Tree of Life | 3 | 1020 | / | 555 |
| Ancient of Lore | 2 | 310 | / | 290 |
| Tree of Ages | 1 | 320 | / | 180 |
| Tree of Eternity | 2 | 660 | / | 400 |
| total: | 22 | 3955g | / | 1905w |
| 0:03 | Wisp |
| 0:03 | Wisp |
| 0:14 | Altar of Elders |
| 0:21 | Moon Well |
| 0:24 | Wisp |
| 0:34 | Ancient of War |
| 0:40 | Wisp |
| 0:49 | Wisp |
| 1:40 | Moon Well |
| 1:43 | Archer |
| 1:44 | Wisp |
| 1:45 | Wisp |
| 2:03 | Archer |
| 2:21 | Chemical Rage |
| 2:32 | Wisp |
| 2:33 | Wisp |
| 2:37 | Moon Well |
| 2:38 | Archer |
| 3:32 | Tree of Ages |
| 3:33 | Archer |
| 4:30 | Hunter's Hall |
| 4:40 | Ancient of War |
| 4:47 | Moon Well |
| 5:06 | Archer |
| 5:37 | Ancient Protector |
| 5:54 | Glaive Thrower |
| 6:14 | Ancient of Lore |
| 6:17 | Glaive Thrower |
| 6:48 | Glaive Thrower |
| 7:42 | Frost Arrows |
| 7:58 | Glaive Thrower |
| 8:02 | Dryad |
| 8:06 | Tree of Eternity |
| 8:10 | Wisp |
| 8:11 | Wisp |
| 8:11 | Wisp |
| 8:31 | Acid Bomb |
| 9:32 | Tree of Eternity |
| 10:15 | Glaive Thrower |
| 10:20 | Glaive Thrower |
| 11:04 | Glaive Thrower |
| 11:15 | Moon Well |
| 11:35 | Glaive Thrower |
| 12:04 | Glaive Thrower |
| 12:06 | Vorpal Blades |
| 12:56 | Wisp |
| 12:56 | Wisp |
| 12:56 | Wisp |
| 13:03 | Ancient of Wonders |
| 13:22 | Wisp |
| 13:22 | Wisp |
| 13:24 | Glaive Thrower |
| 14:24 | Mountain Giant |
| 14:54 | Acid Bomb |
| 15:00 | Mountain Giant |
| 15:22 | Ancient Protector |
| 15:26 | Ancient Protector |
| 15:33 | Scroll of Town Portal |
| 15:33 | Staff of Preservation |
| 16:57 | Glaive Thrower |
| 17:04 | Forked Lightning |
| 17:49 | Tree of Life |
| 18:18 | Glaive Thrower |
| 18:20 | Dryad |
| 19:28 | Dryad |
| 20:21 | Wisp |
| 20:21 | Wisp |
| 20:21 | Wisp |
| 20:21 | Wisp |
| 20:21 | Wisp |
| 20:27 | Mountain Giant |
| 20:40 | Ancient of Lore |
| 21:20 | Frost Arrows |
| 21:28 | Hardened Skin |
| 21:34 | Wisp |
| 21:34 | Wisp |
| 21:34 | Wisp |
| 21:34 | Wisp |
| 21:41 | Tree of Life |
| 22:09 | Ancient Protector |
| 22:14 | Ancient Protector |
| 22:18 | Archer |
| 22:18 | Archer |
| 22:41 | Ancient Protector |
| 22:53 | Ancient Protector |
| 22:58 | Mountain Giant |
| 23:02 | Archer |
| 24:07 | Archer |
| 24:51 | Wisp |
| 24:51 | Wisp |
| 26:56 | Tree of Life |
| Right click | 810 |
| Select | 381 |
| Build/train/purchase | 90 |
| Use ability | 26 |
| Select group | 26 |
| Minimap ping | 19 |
| Remove unit | 7 |
| Assign group | 5 |
107 units @ 9.4k
/ 0.8k
261 buildings @ 19.1k
/ 9.4k



| Potion of Healing | 4 | 600 |
| Staff of Sanctuary | 3 | 750 |
| Boots of Speed | 3 | 750 |
| Staff of Teleportation | 3 | 450 |
| Periapt of Vitality | 1 | 325 |
| Circlet of Nobility | 1 | 175 |
| Healing Salve | 2 | 200 |
| total: | 17 | 3250g |
| Peasant | 17 | 1275 | / | 0 |
| Priest | 2 | 270 | / | 20 |
| total: | 19 | 1545g | / | 20w |
| Scout Tower | 127 | 3810 | / | 2540 |
| Arcane Tower | 10 | 700 | / | 500 |
| Guard Tower | 57 | 3990 | / | 2850 |
| Altar of Kings | 1 | 180 | / | 50 |
| Farm | 4 | 320 | / | 80 |
| Lumber Mill | 1 | 120 | / | 0 |
| Arcane Vault | 4 | 520 | / | 120 |
| Town Hall | 3 | 1155 | / | 615 |
| Arcane Sanctum | 1 | 150 | / | 140 |
| Keep | 1 | 320 | / | 210 |
| Castle | 1 | 360 | / | 210 |
| total: | 141 | 6255g | / | 3545w |
| 0:02 | Peasant |
| 0:03 | Peasant |
| 0:07 | Altar of Kings |
| 0:11 | Peasant |
| 0:18 | Farm |
| 0:21 | Peasant |
| 0:30 | Peasant |
| 0:35 | Peasant |
| 0:39 | Farm |
| 0:51 | Peasant |
| 1:05 | Lumber Mill |
| 1:07 | Peasant |
| 1:14 | Peasant |
| 1:25 | Scout Tower |
| 1:42 | Scout Tower |
| 1:43 | Scout Tower |
| 1:50 | Peasant |
| 1:51 | Peasant |
| 1:54 | Arcane Tower |
| 2:02 | Peasant |
| 2:05 | Blizzard |
| 2:10 | Guard Tower |
| 2:18 | Scout Tower |
| 2:22 | Guard Tower |
| 2:27 | Scout Tower |
| 3:12 | Guard Tower |
| 3:13 | Scout Tower |
| 3:13 | Scout Tower |
| 3:27 | Keep |
| 3:29 | Improved Masonry |
| 3:42 | Guard Tower |
| 3:47 | Scout Tower |
| 3:49 | Scout Tower |
| 3:50 | Scout Tower |
| 3:50 | Scout Tower |
| 3:51 | Scout Tower |
| 3:57 | Healing Salve |
| 4:29 | Boots of Speed |
| 4:39 | Farm |
| 4:39 | Farm |
| 4:41 | Scout Tower |
| 4:42 | Scout Tower |
| 4:43 | Scout Tower |
| 4:43 | Scout Tower |
| 5:09 | Guard Tower |
| 5:09 | Guard Tower |
| 5:10 | Guard Tower |
| 5:10 | Guard Tower |
| 5:11 | Scout Tower |
| 5:12 | Scout Tower |
| 5:13 | Scout Tower |
| 5:14 | Scout Tower |
| 5:43 | Guard Tower |
| 6:26 | Brilliance Aura |
| 6:48 | Guard Tower |
| 6:53 | Arcane Sanctum |
| 6:55 | Arcane Tower |
| 6:55 | Guard Tower |
| 7:12 | Storm Bolt |
| 7:43 | Boots of Speed |
| 8:51 | Castle |
| 8:52 | Guard Tower |
| 9:05 | Advanced Masonry |
| 9:06 | Improved Lumber Harvesting |
| 9:16 | Healing Salve |
| 9:20 | Magic Sentry |
| 9:20 | Priest |
| 9:22 | Arcane Vault |
| 9:25 | Arcane Vault |
| 9:27 | Scout Tower |
| 10:13 | Potion of Healing |
| 10:34 | Scout Tower |
| 10:35 | Scout Tower |
| 10:39 | Potion of Healing |
| 10:39 | Potion of Healing |
| 11:11 | Guard Tower |
| 11:25 | Staff of Sanctuary |
| 11:35 | Staff of Sanctuary |
| 11:47 | Scout Tower |
| 11:48 | Scout Tower |
| 11:48 | Scout Tower |
| 11:49 | Guard Tower |
| 12:07 | Priest |
| 12:09 | Imbued Masonry |
| 12:24 | Bash |
| 12:42 | Blizzard |
| 12:58 | Guard Tower |
| 13:08 | Sorceress Adept Training |
| 13:15 | Staff of Teleportation |
| 13:29 | Guard Tower |
| 13:44 | Staff of Teleportation |
| 13:47 | Holy Light |
| 14:04 | Staff of Sanctuary |
| 14:28 | Potion of Healing |
| 16:38 | Boots of Speed |
| 16:53 | Scout Tower |
| 16:53 | Scout Tower |
| 16:54 | Scout Tower |
| 16:54 | Scout Tower |
| 16:55 | Scout Tower |
| 16:57 | Scout Tower |
| 16:57 | Scout Tower |
| 16:58 | Scout Tower |
| 16:58 | Scout Tower |
| 17:22 | Staff of Teleportation |
| 17:24 | Periapt of Vitality |
| 17:25 | Circlet of Nobility |
| 17:41 | Guard Tower |
| 18:36 | Town Hall |
| 19:14 | Divine Shield |
| 19:25 | Storm Bolt |
| 19:38 | Guard Tower |
| 19:52 | Arcane Vault |
| 19:53 | Arcane Vault |
| 20:14 | Scout Tower |
| 20:15 | Scout Tower |
| 20:15 | Scout Tower |
| 20:16 | Scout Tower |
| 20:16 | Scout Tower |
| 20:46 | Arcane Tower |
| 20:47 | Guard Tower |
| 20:50 | Peasant |
| 21:17 | Town Hall |
| 21:28 | Scout Tower |
| 21:29 | Scout Tower |
| 21:29 | Scout Tower |
| 21:30 | Scout Tower |
| 21:30 | Scout Tower |
| 21:30 | Scout Tower |
| 21:31 | Scout Tower |
| 21:31 | Scout Tower |
| 21:31 | Scout Tower |
| 21:32 | Scout Tower |
| 21:32 | Scout Tower |
| 21:41 | Brilliance Aura |
| 22:09 | Scout Tower |
| 22:09 | Scout Tower |
| 22:10 | Scout Tower |
| 22:11 | Scout Tower |
| 22:22 | Scout Tower |
| 22:22 | Scout Tower |
| 22:23 | Scout Tower |
| 22:23 | Scout Tower |
| 22:24 | Scout Tower |
| 22:24 | Scout Tower |
| 22:25 | Scout Tower |
| 22:25 | Scout Tower |
| 22:26 | Scout Tower |
| 22:26 | Scout Tower |
| 22:27 | Scout Tower |
| 22:27 | Scout Tower |
| 22:28 | Scout Tower |
| 22:28 | Scout Tower |
| 22:29 | Scout Tower |
| 22:29 | Scout Tower |
| 23:35 | Guard Tower |
| 23:37 | Guard Tower |
| 23:37 | Guard Tower |
| 23:42 | Town Hall |
| 24:04 | Guard Tower |
| 24:06 | Scout Tower |
| 24:07 | Scout Tower |
| 24:07 | Scout Tower |
| 24:08 | Scout Tower |
| 24:08 | Scout Tower |
| 24:09 | Scout Tower |
| 24:29 | Arcane Tower |
| 24:29 | Guard Tower |
| 24:33 | Arcane Tower |
| 24:34 | Guard Tower |
| 24:35 | Guard Tower |
| 24:54 | Scout Tower |
| 24:54 | Scout Tower |
| 24:55 | Scout Tower |
| 24:55 | Scout Tower |
| 24:56 | Scout Tower |
| 24:56 | Scout Tower |
| 24:56 | Scout Tower |
| 24:59 | Scout Tower |
| 24:59 | Scout Tower |
| 25:00 | Holy Light |
| 25:41 | Bash |
| 25:58 | Guard Tower |
| 25:59 | Guard Tower |
| 26:01 | Scout Tower |
| 26:01 | Scout Tower |
| 26:01 | Scout Tower |
| 26:01 | Scout Tower |
| 26:02 | Scout Tower |
| 26:02 | Scout Tower |
| 26:02 | Scout Tower |
| 26:02 | Scout Tower |
| 26:02 | Scout Tower |
| 26:10 | Guard Tower |
| 26:57 | Guard Tower |
| 26:58 | Guard Tower |
| 26:58 | Guard Tower |
| 26:59 | Guard Tower |
| 27:06 | Guard Tower |
| 27:08 | Scout Tower |
| 27:08 | Scout Tower |
| 27:09 | Scout Tower |
| 27:10 | Scout Tower |
| 27:10 | Scout Tower |
| 27:10 | Scout Tower |
| 27:11 | Scout Tower |
| 27:12 | Scout Tower |
| 27:13 | Scout Tower |
| 27:13 | Scout Tower |
| 27:13 | Scout Tower |
| 27:14 | Scout Tower |
| 27:14 | Scout Tower |
| 27:15 | Scout Tower |
| 27:25 | Guard Tower |
| 27:35 | Scout Tower |
| 27:36 | Scout Tower |
| 27:37 | Scout Tower |
| 27:37 | Scout Tower |
| 27:38 | Scout Tower |
| 27:38 | Scout Tower |
| 27:39 | Scout Tower |
| 27:39 | Scout Tower |
| 27:40 | Scout Tower |
| 27:40 | Scout Tower |
| 27:41 | Scout Tower |
| 27:41 | Scout Tower |
| 27:42 | Scout Tower |
| 27:43 | Scout Tower |
| 27:43 | Scout Tower |
| 27:43 | Scout Tower |
| 27:44 | Scout Tower |
| 27:45 | Scout Tower |
| 27:54 | Guard Tower |
| 27:55 | Guard Tower |
| 28:00 | Arcane Tower |
| 28:11 | Arcane Tower |
| 28:12 | Guard Tower |
| 28:48 | Guard Tower |
| 28:49 | Guard Tower |
| 29:14 | Guard Tower |
| 29:26 | Guard Tower |
| 29:27 | Peasant |
| 29:27 | Peasant |
| 29:28 | Peasant |
| 29:28 | Peasant |
| 30:26 | Brilliance Aura |
| Right click | 3031 |
| Select | 694 |
| Select group | 533 |
| Build/train/purchase | 189 |
| Use ability | 133 |
| Resource trade | 25 |
| Assign group | 16 |
| Chat | 14 |
| Minimap ping | 8 |
| Misc. action | 5 |
| Item give/drop | 5 |
| Remove unit | 2 |



| Potion of Healing | 1 | 150 |
| Staff of Teleportation | 5 | 750 |
| Boots of Speed | 3 | 750 |
| Staff of Sanctuary | 3 | 750 |
| total: | 12 | 2400g |
| Wisp | 30 | 1800 | / | 0 |
| total: | 30 | 1800g | / | 0w |
| Altar of Elders | 3 | 540 | / | 150 |
| Moon Well | 10 | 1800 | / | 400 |
| Hunter's Hall | 1 | 210 | / | 100 |
| Tree of Life | 3 | 1020 | / | 555 |
| Ancient of Wonders | 3 | 270 | / | 90 |
| Tree of Ages | 1 | 320 | / | 180 |
| Tree of Eternity | 1 | 330 | / | 200 |
| total: | 20 | 3840g | / | 1295w |
| 0:01 | Wisp |
| 0:06 | Altar of Elders |
| 0:07 | Altar of Elders |
| 0:09 | Wisp |
| 0:17 | Moon Well |
| 0:22 | Wisp |
| 0:30 | Moon Well |
| 0:39 | Wisp |
| 0:48 | Wisp |
| 0:57 | Wisp |
| 1:02 | Wisp |
| 1:26 | Wisp |
| 1:38 | Wisp |
| 1:53 | Wisp |
| 2:08 | Force of Nature |
| 2:11 | Wisp |
| 2:23 | Wisp |
| 2:53 | Tree of Ages |
| 3:40 | Staff of Teleportation |
| 3:40 | Staff of Teleportation |
| 3:41 | Boots of Speed |
| 3:52 | Entangling Roots |
| 4:35 | Moon Well |
| 4:36 | Moon Well |
| 4:39 | Moon Well |
| 5:15 | Wisp |
| 5:15 | Wisp |
| 5:47 | Soul Burn |
| 5:59 | Wisp |
| 6:31 | Moon Well |
| 6:36 | Tree of Eternity |
| 6:39 | Moon Well |
| 6:46 | Moon Well |
| 7:36 | Boots of Speed |
| 7:58 | Staff of Teleportation |
| 7:58 | Staff of Teleportation |
| 8:25 | Hunter's Hall |
| 9:15 | Frost Arrows |
| 9:47 | Incinerate |
| 10:03 | Entangling Roots |
| 10:18 | Well Spring |
| 10:33 | Moon Well |
| 10:36 | Moon Well |
| 10:59 | Boots of Speed |
| 12:42 | Forked Lightning |
| 13:08 | Ultravision |
| 13:33 | Nature's Blessing |
| 13:55 | Tree of Life |
| 14:58 | Potion of Healing |
| 15:55 | Staff of Teleportation |
| 17:17 | Wisp |
| 17:17 | Wisp |
| 17:17 | Wisp |
| 17:18 | Wisp |
| 17:18 | Wisp |
| 17:32 | Altar of Elders |
| 17:49 | Ancient of Wonders |
| 18:18 | Staff of Sanctuary |
| 19:37 | Thorns Aura |
| 20:39 | Ancient of Wonders |
| 20:40 | Ancient of Wonders |
| 21:00 | Staff of Sanctuary |
| 21:07 | Staff of Sanctuary |
| 21:54 | Frost Arrows |
| 22:07 | Wisp |
| 22:07 | Wisp |
| 22:07 | Wisp |
| 22:11 | Soul Burn |
| 23:04 | Tree of Life |
| 24:10 | Wisp |
| 24:11 | Wisp |
| 26:05 | Forked Lightning |
| 26:17 | Tree of Life |
| 26:25 | Entangling Roots |
| 26:26 | Incinerate |
| 29:16 | Wisp |
| 29:16 | Wisp |
| 29:16 | Wisp |
| 29:17 | Wisp |
| 29:17 | Wisp |
| 30:20 | Frost Arrows |
| 30:41 | Soul Burn |
| Right click | 2114 |
| Select | 1023 |
| Select group | 916 |
| Resource trade | 138 |
| Use ability | 117 |
| Build/train/purchase | 73 |
| Assign group | 72 |
| Minimap ping | 22 |
| Item give/drop | 5 |
| Misc. action | 3 |


| Staff of Sanctuary | 2 | 500 |
| Boots of Speed | 2 | 500 |
| Staff of Teleportation | 2 | 300 |
| Healing Salve | 2 | 200 |
| Orb of Lightning | 2 | 750 |
| total: | 10 | 2250g |
| Peasant | 24 | 1800 | / | 0 |
| Goblin Zeppelin | 2 | 480 | / | 120 |
| total: | 26 | 2280g | / | 120w |
| Scout Tower | 40 | 1200 | / | 800 |
| Arcane Tower | 5 | 350 | / | 250 |
| Guard Tower | 29 | 2030 | / | 1450 |
| Altar of Kings | 3 | 540 | / | 150 |
| Farm | 10 | 800 | / | 200 |
| Lumber Mill | 3 | 360 | / | 0 |
| Arcane Vault | 3 | 390 | / | 90 |
| Keep | 2 | 640 | / | 420 |
| Castle | 1 | 360 | / | 210 |
| total: | 59 | 3290g | / | 1240w |
| 0:01 | Peasant |
| 0:04 | Altar of Kings |
| 0:05 | Peasant |
| 0:19 | Farm |
| 0:24 | Peasant |
| 0:25 | Peasant |
| 0:33 | Lumber Mill |
| 0:39 | Peasant |
| 0:50 | Farm |
| 0:56 | Peasant |
| 1:14 | Peasant |
| 1:19 | Scout Tower |
| 1:23 | Peasant |
| 1:30 | Scout Tower |
| 1:38 | Scout Tower |
| 1:39 | Peasant |
| 1:44 | Peasant |
| 1:48 | Scout Tower |
| 1:50 | Arcane Tower |
| 1:53 | Scout Tower |
| 1:56 | Arcane Tower |
| 2:06 | Arcane Tower |
| 2:07 | Blizzard |
| 2:10 | Peasant |
| 2:13 | Scout Tower |
| 2:14 | Guard Tower |
| 2:18 | Scout Tower |
| 2:21 | Peasant |
| 2:29 | Peasant |
| 2:33 | Guard Tower |
| 2:35 | Scout Tower |
| 2:38 | Scout Tower |
| 2:59 | Peasant |
| 3:02 | Brilliance Aura |
| 3:06 | Guard Tower |
| 3:08 | Scout Tower |
| 3:08 | Scout Tower |
| 3:11 | Guard Tower |
| 3:12 | Scout Tower |
| 3:19 | Peasant |
| 3:19 | Peasant |
| 4:14 | Lumber Mill |
| 4:22 | Scout Tower |
| 4:22 | Guard Tower |
| 4:29 | Guard Tower |
| 4:30 | Arcane Vault |
| 4:34 | Scout Tower |
| 4:48 | Keep |
| 5:00 | Guard Tower |
| 5:02 | Arcane Vault |
| 5:04 | Scout Tower |
| 5:05 | Scout Tower |
| 5:23 | Farm |
| 5:25 | Farm |
| 5:28 | Improved Masonry |
| 5:57 | Boots of Speed |
| 5:58 | Staff of Teleportation |
| 6:06 | Guard Tower |
| 6:08 | Scout Tower |
| 6:10 | Scout Tower |
| 6:10 | Scout Tower |
| 6:11 | Blizzard |
| 6:20 | Scout Tower |
| 6:48 | Guard Tower |
| 6:58 | Guard Tower |
| 7:01 | Guard Tower |
| 7:02 | Guard Tower |
| 7:04 | Scout Tower |
| 7:05 | Scout Tower |
| 7:05 | Scout Tower |
| 7:06 | Scout Tower |
| 7:07 | Scout Tower |
| 8:25 | Guard Tower |
| 8:26 | Flame Strike |
| 8:56 | Scout Tower |
| 9:26 | Guard Tower |
| 9:30 | Scout Tower |
| 9:34 | Peasant |
| 9:34 | Peasant |
| 9:34 | Peasant |
| 10:10 | Guard Tower |
| 10:14 | Scout Tower |
| 10:14 | Scout Tower |
| 10:18 | Guard Tower |
| 10:19 | Scout Tower |
| 10:22 | Scout Tower |
| 10:24 | Guard Tower |
| 10:28 | Peasant |
| 10:29 | Peasant |
| 10:29 | Peasant |
| 10:41 | Guard Tower |
| 11:00 | Guard Tower |
| 12:02 | Guard Tower |
| 12:36 | Peasant |
| 12:36 | Peasant |
| 12:39 | Siphon Mana |
| 12:59 | Scout Tower |
| 13:08 | Scout Tower |
| 13:10 | Arcane Vault |
| 13:12 | Guard Tower |
| 13:13 | Scout Tower |
| 13:16 | Scout Tower |
| 13:17 | Scout Tower |
| 13:27 | Boots of Speed |
| 14:18 | Guard Tower |
| 14:21 | Castle |
| 14:57 | Scout Tower |
| 14:58 | Scout Tower |
| 15:18 | Staff of Teleportation |
| 15:23 | Advanced Masonry |
| 15:24 | Guard Tower |
| 15:26 | Scout Tower |
| 15:26 | Scout Tower |
| 15:50 | Guard Tower |
| 16:19 | Guard Tower |
| 16:43 | Guard Tower |
| 16:55 | Lumber Mill |
| 17:20 | Altar of Kings |
| 17:21 | Farm |
| 17:22 | Farm |
| 17:36 | Healing Salve |
| 17:38 | Orb of Lightning |
| 18:22 | Guard Tower |
| 19:44 | Altar of Kings |
| 19:45 | Farm |
| 19:46 | Farm |
| 19:46 | Farm |
| 20:19 | Goblin Zeppelin |
| 22:14 | Brilliance Aura |
| 24:47 | Blizzard |
| 25:14 | Healing Salve |
| 25:14 | Orb of Lightning |
| 26:54 | Farm |
| 27:18 | Staff of Sanctuary |
| 27:38 | Goblin Zeppelin |
| 28:23 | Staff of Sanctuary |
| Right click | 1833 |
| Assign group | 524 |
| Select group | 512 |
| Select | 346 |
| Build/train/purchase | 137 |
| Use ability | 100 |
| Misc. action | 22 |
| Resource trade | 5 |
| Minimap ping | 4 |
| Item give/drop | 1 |


| Healing Salve | 4 | 400 |
| Orb of Lightning | 2 | 750 |
| Boots of Speed | 2 | 500 |
| Staff of Teleportation | 2 | 300 |
| total: | 10 | 1950g |
| Peon | 16 | 1200 | / | 0 |
| Troll Batrider | 16 | 2560 | / | 640 |
| total: | 32 | 3760g | / | 640w |
| Watch Tower | 23 | 2530 | / | 1840 |
| Altar of Storms | 1 | 180 | / | 50 |
| Orc Burrow | 3 | 480 | / | 120 |
| War Mill | 2 | 410 | / | 0 |
| Voodoo Lounge | 4 | 520 | / | 120 |
| Great Hall | 2 | 770 | / | 370 |
| Beastiary | 6 | 870 | / | 840 |
| Stronghold | 1 | 315 | / | 190 |
| Fortress | 1 | 325 | / | 190 |
| total: | 41 | 5760g | / | 3340w |
| 0:02 | Peon |
| 0:02 | Peon |
| 0:05 | Altar of Storms |
| 0:18 | Orc Burrow |
| 0:21 | Peon |
| 0:37 | Peon |
| 0:48 | War Mill |
| 0:49 | War Mill |
| 0:54 | Peon |
| 1:21 | Voodoo Lounge |
| 1:26 | Peon |
| 1:27 | Peon |
| 1:40 | Peon |
| 1:57 | Orc Burrow |
| 2:08 | Wind Walk |
| 2:12 | Peon |
| 2:14 | Watch Tower |
| 2:24 | Healing Salve |
| 2:33 | Watch Tower |
| 2:39 | Peon |
| 3:22 | Watch Tower |
| 3:40 | Watch Tower |
| 4:01 | Boots of Speed |
| 4:01 | Staff of Teleportation |
| 4:10 | Peon |
| 4:11 | Peon |
| 4:16 | Voodoo Lounge |
| 4:27 | Watch Tower |
| 4:38 | Watch Tower |
| 4:41 | Stronghold |
| 5:32 | Watch Tower |
| 5:41 | Orc Burrow |
| 5:45 | Watch Tower |
| 6:03 | Voodoo Lounge |
| 6:51 | Watch Tower |
| 7:04 | Watch Tower |
| 7:09 | Critical Strike |
| 7:27 | Beastiary |
| 7:30 | Beastiary |
| 8:13 | Watch Tower |
| 8:17 | Voodoo Lounge |
| 8:18 | Hex |
| 8:43 | Watch Tower |
| 8:52 | Fortress |
| 8:58 | Troll Batrider |
| 9:09 | Boots of Speed |
| 9:17 | Watch Tower |
| 9:19 | Reinforced Defenses |
| 9:44 | Watch Tower |
| 9:58 | Troll Batrider |
| 10:01 | Troll Batrider |
| 10:11 | Watch Tower |
| 10:13 | Spiked Barricades |
| 10:14 | Steel Ranged Weapons |
| 10:27 | Staff of Teleportation |
| 10:39 | Healing Salve |
| 10:48 | Watch Tower |
| 11:19 | Healing Wave |
| 11:30 | Watch Tower |
| 11:53 | Liquid Fire |
| 11:56 | Beastiary |
| 12:33 | Watch Tower |
| 12:34 | Troll Batrider |
| 12:53 | Wind Walk |
| 13:15 | Troll Batrider |
| 14:18 | Watch Tower |
| 14:45 | Great Hall |
| 15:12 | Healing Salve |
| 15:13 | Orb of Lightning |
| 15:59 | Healing Wave |
| 16:27 | Watch Tower |
| 17:04 | Thorium Ranged Weapons |
| 17:04 | Steel Armor |
| 17:37 | Watch Tower |
| 17:51 | Peon |
| 17:52 | Peon |
| 17:52 | Peon |
| 17:53 | Peon |
| 18:11 | Critical Strike |
| 18:39 | Troll Batrider |
| 18:42 | Troll Batrider |
| 18:48 | Watch Tower |
| 18:50 | Beastiary |
| 18:51 | Beastiary |
| 19:47 | Troll Batrider |
| 19:50 | Hex |
| 20:00 | Watch Tower |
| 20:03 | Beastiary |
| 20:26 | Orb of Lightning |
| 20:28 | Healing Salve |
| 22:09 | Troll Batrider |
| 23:06 | Critical Strike |
| 23:24 | Troll Batrider |
| 23:36 | Troll Batrider |
| 24:02 | Troll Batrider |
| 24:32 | Arcanite Ranged Weapons |
| 24:33 | Thorium Armor |
| 25:10 | Troll Batrider |
| 26:16 | Troll Batrider |
| 26:29 | Troll Batrider |
| 27:56 | Healing Wave |
| 28:56 | Arcanite Armor |
| 28:56 | Improved Spiked Barricades |
| 29:25 | Great Hall |
| 30:07 | Bladestorm |
| 30:43 | Troll Batrider |
| Right click | 2109 |
| Select group | 739 |
| Select | 477 |
| Misc. action | 242 |
| Build/train/purchase | 97 |
| Use ability | 63 |
| Assign group | 18 |
| Item give/drop | 5 |
| Minimap ping | 3 |
⇛